AoeStats
← Greg The Egg

Arena

510636199Analyzed
3v3 RM · 17h ago on Oct 1, 2026· 23m 9s· 6 players
Game mode
Random Map
Map size
Normal (6 player)
Population
200
Speed
Normal
Resources
Standard
Victory
Conquest
Starting age
Dark Age
Ending age
Imperial Age
RankedLock teamsTeams togetherTeam positionsShared explorationLock speedFull tech treeHidden civsTurbo modeCheats
Victory
Defeat
🇨🇱 Teutons · Chile
1359
+8
🇲🇽 Persians · Mexico
1191
+14
🇨🇱 Portuguese · Chile
1104
+17
🇳🇿 Wei · New Zealand
1176
-14
🇳🇿 Celts · New Zealand
1161
-13
🇳🇿 Italians · New Zealand
1135
-12
NightPlane492
11:47 Feudal Age
12:49 Loom
15:53 Castle Age
15:25 Double-Bit Axe
15:22 Horse Collar
17:00 Wheelbarrow
23:11 Bloodlines
23:02 Husbandry
GDN_MAPACHE CTM
6:16 Loom
9:16 Feudal Age
10:36 Double-Bit Axe
10:48 Fletching
24:51 Castle Age
22:38 Horse Collar
22:48 Gold Mining
22:50 Stone Mining
Alexvive1
1:49 Loom
11:01 Feudal Age
17:11 Castle Age
R2C2
10:55 Feudal Age
9:16 Loom
11:21 Man-at-Arms
18:38 Castle Age
16:59 Double-Bit Axe
18:15 Fletching
Bill Flounder
6:05 Loom
10:03 Feudal Age
10:34 Double-Bit Axe
10:32 Horse Collar
10:43 Gold Mining
10:44 Stone Mining
11:34 Wheelbarrow
17:11 Castle Age
18:25 Bow Saw
18:16 Heavy Plow
20:54 Loom
Greg The Egg
11:26 Feudal Age
15:32 Castle Age
14:49 Double-Bit Axe
15:21 Loom
16:11 Scale Barding Armor
16:18 Forging
17:14 Chain Barding Armor
Connection lost

Rejoining the realm…

Still unreachable

The connection could not be restored.

Session expired

The server has moved on; the page needs a fresh start.